Map: Station Proxima EC

Players

PAVEL - Winner!

  • Race: Protoss Protoss
  • League: Gold
  • Spawn Location: 1:00

zidar

  • Race: Zerg Zerg
  • League: Gold
  • Spawn Location: 7:00

VOD

Have the link to the VOD?

Description

Time

  • Played on: July 7, 2017, 12:18 p.m.
  • Length: 17:51
Show
View Real Time Build Order
Export as new Build Order

PAVEL Protoss - Winner!

Build Orders:  

Get SALT Encoding   

  12  0:01  Probe (Chrono Boost)  
  13  0:12  Probe (Chrono Boost)  
  14  0:23  Probe (Chrono Boost)  
  15  0:38  Pylon  
  15  0:56  Probe (Chrono Boost)  
  16  1:00  Gateway  
  16  1:06  Probe (Chrono Boost)  
  17  1:15  Assimilator  
  17  1:17  Probe (Chrono Boost)  
  18  1:28  Probe (Chrono Boost)  
  19  1:34  Nexus  
  19  1:39  Probe (Chrono Boost)  
  20  1:49  Probe (Chrono Boost)  
  20  1:52  Cybernetics Core  
  21  2:00  Probe (Chrono Boost)  
  22  2:13  Probe (Chrono Boost)  
  23  2:16  Assimilator  
  23  2:18  Pylon  
  23  2:28  Warp Gate (Chrono Boost)  
  23  2:36  Probe  
  24  2:41  Adept  
  26  2:48  Probe  
  27  2:55  Probe  
  28  3:04  Gateway  
  28  3:11  Pylon  
  28  3:15  Probe  
  28  3:16  Probe  
  30  3:21  Twilight Council  
  30  3:25  Forge  
  30  3:28  Probe  
  30  3:29  Probe  
  32  3:36  Pylon  
  32  3:45  Adept  
  34  3:51  Probe  
  34  3:53  Probe  
  36  4:01  Resonating Glaives  
  36  4:05  Pylon  
  36  4:06  Probe  
  36  4:07  Probe  
  38  4:21  Probe, Photon Cannon  
  38  4:22  Probe  
  38  4:23  Photon Cannon  
  40  4:28  Stalker  
  40  4:30  Stalker  
  44  4:42  Pylon  
  44  4:46  Pylon  
  44  4:49  Protoss Ground Weapons Level 1  
  44  5:01  Assimilator  
  44  5:05  Assimilator  
  44  5:06  Pylon  
  44  5:07  Probe  
  44  5:09  Probe  
  46  5:50  Probe  
  46  5:51  Probe  
  46  5:55  Blink  
  48  6:02  Stalker, Pylon  
  48  6:04  Stalker  
  52  6:08  Gateway  
  52  6:12  Gateway  
  52  6:14  Gateway  
  52  6:16  Dark Shrine  
  52  6:20  Probe  
  52  6:22  Probe  
  54  6:33  Pylon  
  54  6:36  Mothership Core  
  56  6:41  Probe  
  57  6:53  Probe  
  57  6:54  Photon Cannon  
  58  6:56  Photon Cannon  
  58  7:04  Adept x2  
  62  7:09  Protoss Ground Armor Level 1  
  62  7:17  Photon Cannon  
  62  7:20  Photon Cannon  
  62  7:26  Nexus  
  62  7:28  Pylon  
  62  7:29  Probe  
  62  7:30  Probe  
  62  7:31  Pylon  
  62  7:33  Dark Templar x3  
  62  7:34  Dark Templar x2  
  74  7:40  Gateway  
  74  7:56  Shadow Stride (Chrono Boost)  
  74  7:59  Photon Cannon  
  74  8:01  Photon Cannon  
  74  8:04  Photon Cannon  
  74  8:08  Charge  
  74  8:15  Dark Templar x4  
  83  8:20  Probe x2  
  83  8:24  Assimilator  
  83  8:26  Assimilator  
  84  8:30  Photon Cannon  
  84  8:33  Dark Templar  
  86  8:38  Probe  
  86  8:39  Probe x2  
  89  8:54  Probe  
  89  8:56  Probe x2  
  89  9:01  Dark Templar x3  
  89  9:02  Dark Templar  
  100  9:07  Dark Templar  
  102  9:16  Dark Templar  
  104  9:27  Photon Cannon  
  104  9:29  Protoss Shields Level 1  
  104  9:31  Photon Cannon  
  104  9:49  Adept  
  104  9:50  Adept x5  
  110  10:39  Archon x2  
  110  10:40  Archon  
  72  11:09  Gateway  
  66  11:15  Zealot  
  66  11:16  Cybernetics Core, Zealot x5  
  66  12:04  Adept x3  
  66  12:05  Adept x3  
  66  12:07  Adept  
  80  12:14  Photon Cannon  
  80  12:16  Photon Cannon  
  80  12:18  Photon Cannon  
  80  12:19  Photon Cannon  
  77  12:30  Dark Templar x3  
  77  12:31  Dark Templar x4  
  59  12:56  Archon  
  46  13:03  Gateway x2  
  46  13:05  Gateway  
  46  13:06  Dark Templar x2  
  46  13:07  Gateway, Dark Templar x2  
  48  13:20  Pylon  
  17  14:19  Dark Templar  
  17  14:20  Dark Templar x4  
  19  14:34  Nexus  
  15  15:52  Dark Templar x5  
  3  17:06  Dark Templar  
  3  17:07  Dark Templar x2  
Show
View Real Time Build Order
Export as new Build Order

zidar Zerg 

Build Orders: Pool First 

Get SALT Encoding   

  12  0:01  Drone  
  13  0:12  Overlord  
  13  0:17  Drone  
  14  0:31  Drone x2  
  16  0:35  Drone  
  17  0:48  Spawning Pool  
  16  0:50  Drone  
  17  1:13  Hatchery  
  16  1:26  Extractor  
  16  1:31  Drone  
  16  1:35  Queen  
  16  1:37  Drone  
  16  1:38  Overlord  
  19  1:47  Drone  
  21  2:01  Drone  
  21  2:10  Queen  
  21  2:11  Zergling x2  
  24  2:35  Metabolic Boost  
  24  2:38  Drone x5  
  28  2:47  Roach Warren  
  27  3:00  Extractor  
  26  3:16  Baneling Nest, Drone x3  
  26  3:17  Drone x3  
  31  3:54  Drone x5  
  36  3:55  Overlord  
  36  3:56  Overlord  
  36  4:04  Overlord x2  
  36  4:09  Pneumatized Carapace  
  36  4:41  Drone x5  
  36  4:42  Drone  
  36  4:44  Drone  
  43  4:53  Lair  
  43  4:57  Hatchery  
  42  5:01  Extractor  
  42  5:04  Extractor  
  42  5:05  Drone x2  
  42  5:06  Drone x2  
  44  5:08  Overlord  
  44  5:09  Overlord x2  
  44  5:21  Queen  
  45  5:49  Roach  
  47  5:50  Roach x7  
  47  5:53  Overlord  
  61  6:07  Glial Reconstitution  
  61  6:08  Centrifical Hooks, Evolution Chamber  
  60  6:12  Evolution Chamber  
  59  6:26  Drone  
  59  6:27  Drone x2  
  59  6:28  Drone  
  59  6:32  Drone  
  64  6:33  Drone x2  
  66  6:40  Drone x9  
  66  6:41  Drone  
  76  6:59  Overseer  
  76  7:02  Roach  
  76  7:03  Roach x7  
  92  7:21  Zerg Ground Armor Level 1  
  92  7:22  Zerg Missile Weapons Level 1  
  92  7:24  Hydralisk Den  
  91  7:57  Overlord x2  
  91  7:58  Overlord  
  91  8:06  Muscular Augments  
  91  8:18  Hydralisk x8  
  107  8:39  Hydralisk  
  107  8:40  Hydralisk x6  
  121  8:47  Overlord x5  
  121  8:58  Drone  
  122  9:13  Hatchery  
  122  9:15  Roach x4, Hydralisk  
  122  9:16  Hydralisk x7  
  145  9:20  Overlord  
  145  9:22  Overseer  
  145  9:44  Overlord x3  
  145  9:50  Roach x6  
  145  9:51  Hydralisk x3  
  163  10:00  Zerg Ground Armor Level 2  
  132  10:21  Overseer  
  103  11:27  Hatchery  
  103  11:29  Hydralisk  
  103  11:30  Hydralisk x5  
  114  11:33  Hatchery  
  92  12:14  Hydralisk x5  
  92  12:15  Hydralisk x2  
  92  13:25  Drone x9  
  97  13:53  Drone x3  
  91  14:35  Extractor  
  87  15:14  Extractor  
  86  15:20  Extractor  
  85  15:42  Hatchery  
Tags
 
Add a new tag
Caveats
  • Supply blocks, unpowered buildings, or Contaminate may cause inaccurate times.
  • Supply counts are checked every 10 seconds.